 Dungeon Crawl Stone Soup version 0.23.1 (webtiles) character file.

Game seed: 11479793612926571614

5 Gargoyl the Skirmisher (level 1, -6/28 HPs)
             Began as a Centaur Abyssal Knight on Mar 11, 2019.
             Was a Follower of Lugonu.
             Mangled by a small abomination (11 damage)
             ... on level 2 of the Abyss.
             The game lasted 00:00:36 (145 turns).

Gargoyl the Skirmisher (Centaur Abyssal Knight)      Turns: 145, Time: 00:00:38

Health: -6/28      AC: 20    Str: 14    XL:     1   Next: 66%
Magic:  2/2        EV:  1    Int: 11    God:    Lugonu [*.....]
Gold:   52         SH:  0    Dex:  8    Spells: 0/0 levels left

rFire    . . .     SeeInvis .   a - +1 hand axe
rCold    . . .     Gourm    .   (no shield)
rNeg     + + +     Faith    .   (armour currently unavailable)
rPois    +         Spirit   .   (helmet currently unavailable)
rElec    .         Reflect  .   (cloak currently unavailable)
rCorr    .         Harm     .   (gloves currently unavailable)
MR       .....     NoTele   +   (no barding)
Stlth    +.........             (no amulet)
HPRegen  0.09/turn              (no ring)
MPRegen  0.08/turn              (no ring)

@: tree-form
A: large
a: Depart the Abyss, Renounce Religion


You were on level 2 of the Abyss.
You worshipped Lugonu.
Lugonu was aware of your devotion.
You were not hungry.
You were a tree.
You visited 0 branches of the dungeon, and saw 0 of its levels.
You visited the Abyss 1 time.

You collected 52 gold pieces.

Inventory:

Hand Weapons
 a - a +1 hand axe (weapon)
Armour
 b - a +0 leather armour (melded)
Potions
 d - a potion of lignification
Comestibles
 c - 2 rations


   Skills:
 + Level 3.2 Fighting
 + Level 1.8 Axes
 + Level 1.4 Armour
 + Level 0.6 Dodging
 + Level 2.0 Invocations


You couldn't memorise any spells.
You didn't know any spells.
Your spell library contained the following spells:

 Spells                   Type           Power        Failure   Level  Hunger
 Ice Form                 Ice/Tmut       #.......     98%         4    #####..
 Metabolic Englaciation   Hex/Ice        #.........   100%        5    ######.
 Bolt of Cold             Conj/Ice       #.........   100%        6    #######
 Freezing Cloud           Conj/Ice/Air   #.........   100%        6    #######
 Ozocubu's Refrigeration  Ice            #.........   100%        6    #######
 Poison Arrow             Conj/Pois      #.........   100%        6    #######
 Simulacrum               Ice/Necr       #.........   100%        6    #######
 Chain Lightning          Conj/Air       #.........   100%        8    #######
 Lehudib's Crystal Spear  Conj/Erth      #.........   100%        8    #######
 Fire Storm               Conj/Fire      #.........   100%        9    #######
 Glaciate                 Conj/Ice       #.........   100%        9    #######


Dungeon Overview and Level Annotations

Branches:
Dungeon (0/15)

Altars:


Innate Abilities, Weirdness & Mutations

((You have hooves in place of feet.))
((Armour fits poorly on your strangely shaped body.))
((You cover ground very quickly.))
((You have extremely tough skin. (AC +3)))


Message History

A small abomination comes into view.
You barely miss the large abomination.
Unknown command.
You hit the large abomination but do no damage.
The large abomination hits you but does no damage.
Unknown command.
You hit the large abomination but do no damage.
You hit the small abomination but do no damage.
The small abomination hits you.
The large abomination hits you but does no damage.
The small abomination hits you.
Unknown command.
You hit the small abomination.
The small abomination is lightly damaged.
You hit the large abomination but do no damage.
The large abomination hits you!!
Ouch! That really hurt!
* * * LOW HITPOINT WARNING * * *
The small abomination hits you!
You die...

..#. #.#..#.####
..... #.## #....##
.....###.#.#.....#
≈
#.....#.#..#....#
#.≈ #
..#........#...
#..####.#..#...# .
##....#.# # #
#X.#X....#
#..§##♣.###
#.#..x..# #
.#...#..# ... #.##
.## x#. #.# .. .#
## ..# ###


You could see a large abomination and a small abomination.

Vanquished Creatures
  An ufetubus (Abyss:2)
1 creature vanquished.

Notes
Turn   | Place    | Note
-------+----------+-------------------------------------------
     0 | Abyss:1  | Gargoyl the Centaur Abyssal Knight began the quest for the
                  | Orb.
     0 | Abyss:1  | Reached XP level 1. HP: 19/19 MP: 2/2
     5 | Abyss:1  | Found a corrupted altar of Lugonu.
    11 | Abyss:2  | Found a corrupted altar of Lugonu.
    85 | Abyss:2  | Noticed a small abomination
    91 | Abyss:2  | Noticed a neqoxec
    93 | Abyss:2  | Noticed an iron imp
   106 | Abyss:2  | Noticed a wraith
   106 | Abyss:2  | Found a corrupted altar of Lugonu.
   137 | Abyss:2  | Noticed a large abomination
   137 | Abyss:2  | Noticed a small abomination
   140 | Abyss:2  | Noticed a small abomination
   145 | Abyss:2  | Mangled by a small abomination

Action                   || total
-------------------------++-------
Melee: Hand axe          ||     6
       Kick              ||     1
  Use: Potion            ||     1
Armor: Skin              ||     2
       Leather armour    ||     1
Dodge: Dodged            ||     4
